 Dungeon Crawl Stone Soup version 0.26-a0-682-g294304f6e8 (webtiles) character file.

Game seed: 12930760370476967770

130 Notrik the Skirmisher (level 5, 0/46 HPs)
             Began as a Barachi Fighter on Oct 20, 2020.
             Succumbed to Turbonekonecno's ghost's sting
             ... on level 3 of the Dungeon.
             The game lasted 00:04:27 (2838 turns).

Notrik the Skirmisher (Barachi Fighter)             Turns: 2838, Time: 00:04:28

Health: 0/46       AC:  6    Str: 18    XL:     5   Next: 13%
Magic:  5/5        EV:  7    Int:  8    God:
Gold:   147        SH:  9    Dex: 12    Spells: 4/4 levels left

rFire    . . .     SeeInvis .   a - +1 long sword
rCold    . . .     Faith    .   c - +0 kite shield
rNeg     . . .     Spirit   .   b - +0 scale mail
rPois    .         Reflect  .   (no helmet)
rElec    .         Harm     .   (no cloak)
rCorr    .         Rampage  .   (no gloves)
MR       .....                  (no boots)
Stlth    ..........             (no amulet)
HPRegen  0.15/turn              (no ring)
MPRegen  0.09/turn              (no ring)

@: mighty, brilliant, lethally poisoned (0 -> -7), can't hop, slow
A: +LOS, swims, slowness 1, strong legs 1
a: Hop


You were on level 3 of the Dungeon.
You visited 1 branch of the dungeon, and saw 4 of its levels.

You collected 147 gold pieces.

Inventory:

Hand Weapons
 a - a +1 long sword (weapon)
Armour
 b - a +0 scale mail (worn)
 c - a +0 kite shield (worn)
Wands
 d - a wand of iceblast (7)
   (You took it off Ijyb on level 3 of the Dungeon)
Scrolls
 f - a scroll of identify {@r1}
 g - a scroll of teleportation {unknown}
 i - a scroll of enchant weapon
 k - a scroll of noise {unknown}
 l - 4 scrolls of blinking
 m - 2 scrolls of remove curse {@r2}
 n - a scroll of random uselessness {unknown}
Potions
 e - a potion of invisibility {unknown}
 h - 2 potions of stabbing
 o - a potion of lignification {unknown}
 q - a potion of heal wounds {unknown}
 r - a potion of mutation {unknown}
 s - a potion of cancellation {unknown}
 t - a potion of brilliance


   Skills:
 * Level 5.9 Fighting
 + Level 4.0 Long Blades
 - Level 3.6 Armour
 - Level 3.2 Shields


You had 4 spell levels left.
You didn't know any spells.
Your spell library was empty.

Dungeon Overview and Level Annotations

Branches:
Dungeon (4/15)
 Temple: D:4-7

Altars:
Xom

Annotations:
D:3 Turbonekonecno's ghost, amateur OpVM


Innate Abilities, Weirdness & Mutations

You can be seen from farther away. (+LOS)
You can swim through water.
You cover ground slowly.
You can hop short distances.


Message History

You hit the adder simulacrum.
The adder simulacrum vapourises!
Turbonekonecno's ghost hits you!
There is an open translucent gate, spattered with blood here.
You slash Turbonekonecno's ghost! Turbonekonecno's ghost hits you!
* * * LOW HITPOINT WARNING * * *
* * * LOW HITPOINT WARNING * * *
Turbonekonecno's ghost barely misses you.
You are too injured to fight recklessly!
Turbonekonecno's ghost casts a spell at you.
The sting hits you but does no damage.
You are poisoned.
Boing!
You feel sick.
You feel better.
You feel very mighty all of a sudden.
Turbonekonecno's ghost casts a spell at you.
The sting hits you.
You are poisoned.
* * * LOW HITPOINT WARNING * * *
You feel sick.
The worker ant simulacrum waves its antennae.
You hit Turbonekonecno's ghost.
You feel sick.
Turbonekonecno's ghost hits you but does no damage.
You barely miss Turbonekonecno's ghost.
Turbonekonecno's ghost barely misses you.
You block the worker ant simulacrum's attack.
Turbonekonecno's ghost hits you.
* * * LOW HITPOINT WARNING * * *
* * * LOW HITPOINT WARNING * * *
You miss Turbonekonecno's ghost.
You feel sick. The worker ant simulacrum bites you.
* * * LOW HITPOINT WARNING * * *
The worker ant simulacrum freezes you.
* * * LOW HITPOINT WARNING * * *
Turbonekonecno's ghost hits you.
* * * LOW HITPOINT WARNING * * *
* * * LOW HITPOINT WARNING * * *
The worker ant simulacrum bites you but does no damage.
You barely miss Turbonekonecno's ghost.
Turbonekonecno's ghost casts a spell at you.
The sting hits you.
You are more poisoned.
* * * LOW HITPOINT WARNING * * *
The worker ant simulacrum bites you.
* * * LOW HITPOINT WARNING * * *
The worker ant simulacrum freezes you.
* * * LOW HITPOINT WARNING * * *
It was a potion of brilliance.
You feel clever all of a sudden.
You die...

###........##..#....#.....##.#
...........##..'.Z.##...Z.#..#
###(.......##[.'W..#[.=..$#..#
#........###.'..[#$...#.##.#
#........###.#...##.. #..#.##
#........)...#.(..# #..#..###
######.####..##....###...#.....
#.# #..W###.....[$##.#### #.#
#..Z@.###...###..# # #.#
##......#####...##### #.#
###..........### #.. #<#
###...###### #.. ### ##### #..
###


You could see Turbonekonecno's ghost and a worker ant simulacrum.

Vanquished Creatures
  Ijyb (D:3)
  2 adders (D:2)
  3 gnolls (D:2)
  A worm (D:3)
  3 dart slugs
  An adder simulacrum (D:3)
  2 leopard geckos
  An orc (D:3)
  5 bats
  2 giant cockroaches (D:2)
  5 goblins
  4 hobgoblins
  7 kobolds
  A quokka (D:2)
  A ball python (D:3)
  A frilled lizard (D:1)
  A jackal simulacrum (D:3)
  A quokka simulacrum (D:3)
  5 rats
47 creatures vanquished.

Notes
Turn   | Place    | Note
-------+----------+-------------------------------------------
     0 | D:1      | Notrik the Barachi Fighter began the quest for the Orb.
     0 | D:1      | Reached XP level 1. HP: 18/18 MP: 1/1
    70 | D:1      | Reached skill level 4 in Fighting
    70 | D:1      | Reached XP level 2. HP: 13/25 MP: 2/2
   838 | D:1      | Reached XP level 3. HP: 28/31 MP: 3/3
  1230 | D:2      | Reached skill level 5 in Fighting
  1237 | D:2      | Reached XP level 4. HP: 15/39 MP: 4/4
  1760 | D:2      | Found a shimmering altar of Xom.
  2245 | D:3      | Noticed Ijyb
  2266 | D:3      | Killed Ijyb
  2266 | D:3      | Reached XP level 5. HP: 40/46 MP: 5/5
  2329 | D:3      | Noticed Turbonekonecno's ghost (amateur OpVM)
  2427 | D:3      | Found a runed translucent gate.
  2428 | D:3      | Found a runed translucent gate.
  2428 | D:3      | Found a runed translucent gate.
  2837 | D:3      | HP: 1/46 [worker ant simulacrum (3)]
  2838 | D:3      | Succumbed to Turbonekonecno's ghost's sting

Illustrated notes

Levels and vault maps discovered:
D:1:      denvon_arrival_waterhouse, layout_basic
D:2:      layout_basic, grunt_decor_arrowhead, xom_teletrap_fun
D:3:      layout_basic, gammafunk_ghost_icy, uniq_ijyb
D:4:      layout_loops_ring, minmay_temple_entry_large_hall, serial_shops, shop,
          serial_forest, infiniplex_forest_straight_2,
          infiniplex_forest_straight_3, infiniplex_forest_3_way,
          infiniplex_forest_straight_1, infiniplex_forest_corner_2,
          infiniplex_forest_lined_3_way, infiniplex_forest_clump_long,
          kennysheep_nondescript

Skill      XL: |  1  2  3  4 |
---------------+-------------+-----
Fighting       | 4 5 |  5.9
Long Blades    | 3 4 |  4.0
Armour         | |  3.6
Shields        | |  3.2

Action                   |  1- 3 |  4- 6 || total
-------------------------+-------+-------++-------
Melee: Long sword        |    72 |    89 ||   161
 Abil: Hop               |       |     1 ||     1
  Use: Scroll            |     3 |     2 ||     5
       Potion            |       |     3 ||     3
Armor: Scale mail        |     6 |     5 ||    11
       Ring mail         |    15 |    22 ||    37
Dodge: Dodged            |    19 |    29 ||    48
Block: Kite shield       |    32 |    33 ||    65
       Rpst.: Long sword |     7 |     5 ||    12

Table legend: (Time is in decaauts)
 A = Elapsed time spent in this place.
 B = Non-inter-level travel time spent in this place.
 C = Inter-level travel time spent in this place.
 D = Time resting spent in this place.
 E = Time spent auto-exploring this place.
 F = Levels seen in this place.
 G = Mean time per level.
                   A        B        C        D        E       F      G
               +--------+--------+--------+--------+--------+-----+--------+
         Total |   3267 |   3085 |    182 |    326 |   2300 |   4 |  816.8 |
       Dungeon |   3267 |   3085 |    182 |    326 |   2300 |   4 |  816.8 |
               +--------+--------+--------+--------+--------+-----+--------+

Top non-repeatable levels by time:
     D:1: 1297 daAuts
     D:2: 1198 daAuts
     D:3: 770 daAuts
     D:4: 1 daAuts
